 Dungeon Crawl Stone Soup version 0.28-a0-973-ga7f8b01127 (webtiles) character file.

Game seed: 1325674301311323475

7263 vurker the Thaumaturge (level 11, -4/82 HPs)
             Began as a Djinni Fire Elementalist on Dec 1, 2021.
             Was a Believer of Makhleb.
             Slain by a komodo dragon (17 damage)
             ... on level 10 of the Dungeon.
             The game lasted 00:14:40 (15277 turns).

vurker the Thaumaturge (Djinni Fire Elementalist)  Turns: 15277, Time: 00:14:40

Health: -4/82      AC:  4    Str:  7    XL:     11   Next: 34%
Gold:   541        EV: 12    Int: 21    God:    Makhleb [**....] SH:  0 Dex: 14

rFire   + + .      SeeInvis .   b - +0 dagger
rCold   x . .      Faith    .   (no shield)
rNeg    . . .      Spirit   .   a - +0 robe
rPois   ∞          Reflect  .   d - +0 helmet
rElec   .          Harm     .   (no cloak)
rCorr   .          Rampage  .   l - +0 pair of gloves
Will    +....                   (boots unavailable)
Stlth   ++........              (no amulet)
HPRegen 0.23/turn               (no ring)
MPRegen 0.00/turn               (no ring)

@: flying
A: sickness immunity, fire resistance 2, cold vulnerability 1, float, innate
caster, hp casting, extra vitality 1
a: Renounce Religion, Minor Destruction


You were on level 10 of the Dungeon.
You worshipped Makhleb.
Makhleb was pleased with you.
You visited 1 branch of the dungeon, and saw 10 of its levels.

You collected 541 gold pieces.

Inventory:

Hand Weapons
 b - a +0 dagger (weapon)
   (You took it off a goblin on level 1 of the Dungeon)
Armour
 a - a +0 robe (worn)
 d - a +0 helmet (worn)
   (You found it on level 1 of the Dungeon)
 l - a +0 pair of gloves (worn)
   (You found it on level 4 of the Dungeon)
Wands
 t - a wand of flame (26)
   (You took it off Natasha on level 2 of the Dungeon)
 v - a wand of digging (12)
   (You found it on level 9 of the Dungeon)
 y - a wand of polymorph (4)
   (You found it on level 9 of the Dungeon)
Scrolls
 c - a scroll of brand weapon {unknown}
 f - 9 scrolls of identify {unknown}
 g - 2 scrolls of teleportation
 h - 3 scrolls of enchant armour {unknown}
 j - 4 scrolls of blinking
 m - 3 scrolls of immolation {unknown}
 n - 2 scrolls of fog {unknown}
 r - a scroll of magic mapping {unknown}
 s - 3 scrolls of enchant weapon {unknown}
 u - a scroll of holy word {unknown}
 x - a scroll of fear {unknown}
Potions
 e - 5 potions of heal wounds
 i - 4 potions of curing {unknown}
 k - a potion of lignification {unknown}
 o - a potion of haste {unknown}
 p - a potion of mutation {unknown}
 q - 2 potions of ambrosia {unknown}
 w - a potion of invisibility {unknown}
 z - a potion of flight {unknown}


   Skills:
 + Level 8.9 Fighting
 - Level 2.1 Dodging
 - Level 1.5 Stealth
 * Level 10.2 Spellcasting
 + Level 6.1 Invocations


You had 3 spell levels left.
You knew the following spells:

 Your Spells              Type           Power      Damage    Failure   Level
a - Foxfire               Conj/Fire      100%       2x1d9     1%          1
b - Scorch                Fire           100%       2d10      1%          2
c - Flame Wave            Conj/Fire      52%        2d9       1%          4
d - Hailstorm             Conj/Ice       52%        3d12      1%          4
e - Conjure Flame         Conj/Fire      52%        6-21      1%          3
f - Summon Small Mammal   Summ           100%       N/A       1%          1
g - Wereblood             Tmut           52%        N/A       1%          2
h - Portal Projectile     Hex/Tloc       100%       N/A       1%          3
i - Petrify               Tmut/Erth      52%        N/A       1%          4
j - Inner Flame           Hex/Fire       52%        N/A       1%          3
Your spell library was empty.

Dungeon Overview and Level Annotations

Branches:
Dungeon (10/15)            Temple (0/1) D:6            Lair (0/6) D:8
    Orc (0/2) D:9

Altars:
Ashenzari
Cheibriados
Dithmenos
Fedhas
Kikubaaqudgha
Makhleb
Nemelex Xobeh
Okawaru
Ru
Wu Jian
Xom
The Shining One

Shops:
D:6 *

Annotations:
D:3 2 transporters, Goblin1989's ghost, amateur DsTm
D:4 1 runed translucent door, mcbry74's ghost, weakling HOFi


Innate Abilities, Weirdness & Mutations

You are immune to sickness and miasma.
You are immune to poison.
Your flesh is very heat resistant. (rF++)
You are vulnerable to cold. (rC-)
You float through the air rather than walking.
You learn spells naturally, not from books.
Your magical power is your life essence.
You have superior vitality. (+4 HP)


Message History

The killer bee stings you but does no damage.
A wave of flame ripples out!
The flame wave engulfs the killer bee! x2
You hear an angry hiss.
You hear an angry buzzing noise.
A killer bee comes into view.
The killer bee stings you.
A killer bee comes into view.
A wave of flame ripples out!
The flame wave engulfs the killer bee!
You kill the killer bee!
Makhleb accepts your kill.
The flame wave engulfs the killer bee!
You kill the killer bee!
Makhleb accepts your kill.
The flame wave engulfs the killer bee!
You finish channelling waves of flame.
A wave of flame ripples out!
The flame wave engulfs the killer bee!
You kill the killer bee!
Makhleb accepts your kill. (Press . to intensify the flame waves.)
A wave of flame ripples out!
The flame wave engulfs the komodo dragon.
The flame wave engulfs the killer bee.
The killer bee closely misses you.
A wave of flame ripples out!
The flame wave engulfs the komodo dragon.
The flame wave engulfs the killer bee! x2
You finish channelling waves of flame.
The killer bee barely misses you.
The killer bee stings you. x3; The komodo dragon bites you!
* * * LOW HITPOINT WARNING * * *
A wave of flame ripples out!
The flame wave engulfs the komodo dragon.
The flame wave engulfs the killer bee!
You kill the killer bee!
Makhleb accepts your kill.
The flame wave engulfs the killer bee!
You kill the killer bee!
Makhleb accepts your kill. (Press . to intensify the flame waves.)
* * * LOW HITPOINT WARNING * * *
The komodo dragon closely misses you.
A wave of flame ripples out!
The flame wave engulfs the komodo dragon but does no damage.
* * * LOW HITPOINT WARNING * * *
The komodo dragon closely misses you.
Flames lash the komodo dragon.
The komodo dragon's fire resistance burns away.
* * * LOW HITPOINT WARNING * * *
The komodo dragon bites you!
* * * LOW HITPOINT WARNING * * *
Flames lash the komodo dragon.
The komodo dragon is burned terribly!
* * * LOW HITPOINT WARNING * * *
The komodo dragon bites you!
You die...

...# #..## ##...###
...... #...# ###...###
#...###.......#
#........l††..#.###
#..####...@.......
#...........###.### ###
#..###............#
..#####..#
#####......#. #.#
<........#######.######
#.# ..............##.#
#.# ########.####.##.#
#.# #...# #.##.# #.#
#.#.# #.##.# #.#


You could see a komodo dragon (combustible).

Vanquished Creatures
  A two-headed ogre (D:10)
  A cyclops (D:8)
  A manticore (D:8)
  A gargoyle (D:8)
  A komodo dragon (D:10)
  A hornet (D:9)
  2 wyverns (D:10)
  A wraith (D:9)
  A basilisk (D:7)
  4 vampire mosquitoes (D:9)
  3 wargs (D:8)
  A black bear (D:6)
  4 orc warriors
  A sky beast (D:6)
  2 ice beasts (D:7)
  4 ogres
  A necrophage (D:6)
  2 centaurs
  A kobold brigand (D:7)
  A wyvern zombie (D:8)
  A bullfrog (D:8)
  2 gnoll sergeants
  4 scorpions
  A water moccasin skeleton (D:6)
  10 killer bees
  A howler monkey (D:10)
  3 hounds
  3 centaur zombies
  4 orc priests
  A bullfrog skeleton (D:6)
  A jelly (D:5)
  A bullfrog zombie (D:7)
  A centaur skeleton (D:6)
  A gnoll shaman (D:8)
  Jessica (D:2)
  5 iguanas
  Natasha (thrice) (D:2)
  Terence (D:2)
  9 orc wizards
  4 howler monkey zombies
  5 adders
  13 gnolls
  4 shadow imps
  4 white imps
  An ufetubus (D:4)
  3 dart slugs
  31 orcs
  2 ball pythons (D:1)
  10 endoplasms
  2 giant cockroaches (D:3)
  12 goblins
  7 hobgoblins
  4 jackals
  2 quokkas (D:2)
  3 bats (D:1)
  4 frilled lizards
  16 kobolds
  19 rats
233 creatures vanquished.

Vanquished Creatures (others)
  675 foxfires
  17 plants
  5 withered plants (D:9)
697 creatures vanquished.

Grand Total: 930 creatures vanquished

Notes
Turn   | Place    | Note
-------+----------+-------------------------------------------
     0 | D:1      | vurker the Djinni Fire Elementalist began the quest for the
                  | Orb.
     0 | D:1      | Reached XP level 1. HP: 15/15 MP: 0/0
   536 | D:1      | Reached XP level 2. HP: 4/22 MP: 0/0
  1112 | D:1      | Reached skill level 1 in Fighting
  1269 | D:1      | Found a faded altar of an unknown god.
  1482 | D:1      | Reached XP level 3. HP: 20/27 MP: 0/0
  1482 | D:1      | Learned a level 1 spell: Summon Small Mammal
  1744 | D:1      | Reached skill level 3 in Spellcasting
  2409 | D:2      | Noticed Natasha
  2418 | D:2      | Killed Natasha
  2419 | D:2      | Reached XP level 4. HP: 23/33 MP: 0/0
  2537 | D:2      | Noticed Natasha
  2547 | D:2      | Killed Natasha
  2645 | D:2      | Noticed Natasha
  2652 | D:2      | Killed Natasha
  2653 | D:2      | Reached XP level 5. HP: 31/38 MP: 0/0
  2653 | D:2      | Learned a level 2 spell: Wereblood
  2782 | D:2      | Noticed Terence
  3381 | D:2      | Noticed Jessica
  3387 | D:2      | Killed Jessica
  3388 | D:2      | Reached skill level 4 in Spellcasting
  3876 | D:2      | Killed Terence
  3877 | D:2      | Reached XP level 6. HP: 24/45 MP: 0/0
  4388 | D:3      | Identified the +3 halberd "Ymysaim" {vamp, Int+3}
  4419 | D:3      | Noticed Goblin1989's ghost (amateur DsTm)
  4424 | D:3      | Found a transporter.
  4600 | D:3      | Found a shadowy altar of Dithmenos.
  4875 | D:3      | Found an ornate altar of the Wu Jian Council.
  5398 | D:3      | Found a transporter.
  5612 | D:4      | Noticed an ogre
  5625 | D:4      | Killed an ogre
  5929 | D:4      | Found a runed translucent door.
  5930 | D:4      | Noticed mcbry74's ghost (weakling HOFi)
  5971 | D:4      | Found a shimmering altar of Xom.
  6279 | D:4      | Found a sparkling altar of Nemelex Xobeh.
  6436 | D:5      | Entered Level 5 of the Dungeon
  6472 | D:5      | Reached XP level 7. HP: 40/50 MP: 0/0
  6472 | D:5      | Learned a level 3 spell: Portal Projectile
  6597 | D:5      | Reached skill level 5 in Spellcasting
  7268 | D:5      | Reached XP level 8. HP: 44/58 MP: 0/0
  7681 | D:5      | Reached skill level 6 in Spellcasting
  8028 | D:6      | Reached skill level 5 in Fighting
  8288 | D:6      | Found a glowing golden altar of the Shining One.
  8640 | D:6      | Reached skill level 7 in Spellcasting
  8640 | D:6      | Reached XP level 9. HP: 40/66 MP: 0/0
  8640 | D:6      | Learned a level 4 spell: Petrify
  8912 | D:6      | Found an iron altar of Okawaru.
  9199 | D:6      | Found a burning altar of Makhleb.
  9224 | D:6      | Found Hyzicox's Gadget Gallery.
  9242 | D:6      | Became a worshipper of Makhleb the Destroyer
  9289 | D:6      | Found a staircase to the Ecumenical Temple.
  9509 | D:7      | Reached skill level 1 in Invocations
  9954 | D:7      | Reached skill level 8 in Spellcasting
 10883 | D:8      | Found a snail-covered altar of Cheibriados.
 10930 | D:8      | Reached XP level 10. HP: 18/75 MP: 0/0
 11491 | D:8      | Noticed a cyclops
 11686 | D:8      | Noticed a manticore
 11687 | D:8      | Noticed a gargoyle
 11854 | D:9      | Reached * piety under Makhleb
 12079 | D:8      | Reached skill level 9 in Spellcasting
 12394 | D:8      | Killed a gargoyle
 12430 | D:8      | Found a staircase to the Lair.
 13023 | D:8      | Killed a cyclops
 13024 | D:8      | Reached skill level 5 in Invocations
 13329 | D:8      | Killed a manticore
 13330 | D:8      | Reached XP level 11. HP: 55/82 MP: 0/0
 13330 | D:8      | Learned a level 4 spell: Hailstorm
 13595 | D:9      | Found a blossoming altar of Fedhas.
 13675 | D:9      | Found a staircase to the Orcish Mines.
 13692 | D:9      | Found a broken altar of Ashenzari.
 14179 | D:10     | Entered Level 10 of the Dungeon
 14213 | D:10     | Noticed a two-headed ogre
 14220 | D:10     | Killed a two-headed ogre
 14562 | D:10     | Reached skill level 10 in Spellcasting
 14565 | D:10     | Noticed a two-headed ogre
 14566 | D:10     | Reached ** piety under Makhleb
 14850 | D:10     | Found a sacrificial altar of Ru.
 15277 | D:10     | Slain by a komodo dragon

Illustrated notes

Levels and vault maps discovered:
D:1:      scummos_arrival_forest, layout_loops_ring,
          shapermc_ecumenical_altar_totnotflames
D:2:      layout_basic, minmay_rat_hole, uniq_terence, uniq_natasha,
          uniq_jessica
D:3:      layout_loops_corners, mainiacjoe_overflow_catwalk,
          mainiacjoe_overflow_six_doors_small, gammafunk_ghost_gnarly_gnolls
D:4:      layout_basic, nemelex_spade_bored_becter,
          mainiacjoe_overflow_tiny_flanked, gammafunk_ghost_grave,
          grunt_decor_clamped, nicolae_elevator_lobby_asterisk
D:5:      layout_loops_ring
D:6:      layout_rooms, okawaru_gym_becter, tso_metal_star,
          makhleb_heckhound_becter, temple_fountains, st_stairs_3,
          minmay_misc_feat_more_columns, minmay_holes, minmay_misc_feat_rows,
          nicolae_shop_gadgets
D:7:      layout_rooms, nrook_mini_vaults
D:8:      minmay_bloctagon_deflated, layout_rooms, slow_altar_1,
          erik_lair_orcish_takeover, enter_bailey_8, minmay_puff
D:9:      layout_long_grid, nicolae_overflow_crystal_walls,
          grunt_temple_overflow_growth_and_decay
D:10:     layout_loops_ring, nicolae_ru_great_annihilating_truth,
          nicolae_trove_entry_crystal, minmay_lizard_king

Skill      XL: |  1  2  3  4  5  6  7  8  9 10 11 |
---------------+----------------------------------+-----
Fighting       | 1 2 3 4 5 7 8 |  8.9
Spellcasting   | 3 4 5 7 8 9 10 | 10.2
Invocations    | 3 5 6 |  6.1
Dodging        | |  2.1
Stealth        | |  1.5

Action                   |  1- 3 |  4- 6 |  7- 9 | 10-12 || total
-------------------------+-------+-------+-------+-------++-------
Melee: Dagger            |    23 |     2 |     6 |     1 ||    32
 Cast: Foxfire           |    84 |    88 |   133 |    81 ||   386
       Scorch            |       |    38 |   111 |    85 ||   234
       Flame Wave        |       |       |     6 |    12 ||    18
       Hailstorm         |       |       |       |     2 ||     2
  Use: Potion            |       |       |     1 |       ||     1
       Scroll            |       |       |       |     2 ||     2
 Stab: Sleeping          |     2 |       |       |       ||     2
Armor: Robe              |     9 |     2 |    19 |     9 ||    39
Dodge: Dodged            |    16 |    14 |    61 |    35 ||   126

Table legend: (Time is in decaauts)
 A = Elapsed time spent in this place.
 B = Non-inter-level travel time spent in this place.
 C = Inter-level travel time spent in this place.
 D = Time resting spent in this place.
 E = Time spent auto-exploring this place.
 F = Levels seen in this place.
 G = Mean time per level.
                   A        B        C        D        E       F      G
               +--------+--------+--------+--------+--------+-----+--------+
         Total |  15286 |  14867 |    419 |   1683 |  11353 |  10 | 1528.6 |
       Dungeon |  15286 |  14867 |    419 |   1683 |  11353 |  10 | 1528.6 |
               +--------+--------+--------+--------+--------+-----+--------+

Top non-repeatable levels by time:
     D:2: 2317 daAuts
     D:1: 1944 daAuts
     D:5: 1798 daAuts
     D:8: 1779 daAuts
     D:7: 1633 daAuts
     D:9: 1548 daAuts
     D:3: 1257 daAuts
     D:6: 1105 daAuts
     D:4: 1061 daAuts
    D:10: 840 daAuts
